Map: Pilares de oro EE

Players

MrFercho - Winner!

  • Race: Zerg Zerg
  • League: Silver
  • Spawn Location: 1:00

Skunk

  • Race: Zerg Zerg
  • League: Gold
  • Spawn Location: 7:00

VOD

Have the link to the VOD?

Description

Time

  • Played on: July 18, 2020, 12:05 p.m.
  • Length: 11:01
Show
View Real Time Build Order
Export as new Build Order

MrFercho Zerg - Winner!

Build Orders: Hatch First, Roach Hydra 

Get SALT Encoding   

  12  0:01  Drone  
  13  0:13  Overlord  
  13  0:17  Drone  
  14  0:32  Drone x2  
  16  0:52  Hatchery  
  16  0:53  Drone  
  16  0:57  Drone  
  16  1:01  Drone  
  18  1:07  Extractor  
  17  1:18  Spawning Pool  
  16  1:22  Drone  
  16  1:23  Drone  
  18  1:28  Drone  
  19  1:40  Overlord  
  19  1:50  Drone  
  20  2:03  Drone  
  20  2:06  Queen x2, Drone  
  26  2:16  Metabolic Boost  
  26  2:18  Zergling x2  
  26  2:19  Zergling x2  
  28  2:31  Drone x2  
  28  2:34  Drone  
  31  2:38  Drone  
  32  2:49  Zergling x4  
  34  3:04  Lair  
  34  3:05  Drone  
  34  3:06  Drone  
  36  3:13  Overlord x2  
  36  3:19  Evolution Chamber  
  35  3:26  Drone  
  36  3:29  Roach Warren  
  35  3:49  Drone x4  
  35  3:50  Drone x4  
  43  3:58  Zerg Missile Weapons Level 1  
  43  4:12  Overlord x4  
  43  4:14  Overlord  
  43  4:18  Extractor  
  43  4:20  Extractor, Drone x2  
  43  4:52  Extractor  
  42  4:55  Hydralisk Den, Drone x3  
  42  4:57  Drone x2  
  46  5:04  Lair  
  46  5:10  Drone x6  
  52  5:48  Roach x7  
  52  5:49  Roach x3  
  72  5:54  Extractor  
  72  5:55  Hatchery  
  70  5:59  Extractor  
  69  6:17  Glial Reconstitution  
  69  6:22  Drone x5  
  74  6:30  Hatchery  
  74  6:31  Hatchery  
  72  6:33  Muscular Augments, Infestation Pit  
  71  6:51  Zerg Missile Weapons Level 2  
  71  6:56  Roach x3  
  71  7:01  Hydralisk  
  79  7:17  Hive  
  79  7:23  Drone x8  
  87  7:37  Hydralisk  
  87  7:39  Overlord x4  
  89  7:45  Grooved Spines  
  89  7:57  Drone  
  89  7:58  Drone x4  
  93  7:59  Drone x3  
  93  8:00  Drone  
  98  8:07  Hydralisk  
  98  8:08  Hydralisk x6  
  112  8:13  Hatchery  
  112  8:15  Hydralisk  
  112  8:16  Hydralisk x4  
  121  8:22  Lurker Den  
  120  8:29  Spire  
  119  8:55  Hydralisk  
  119  8:56  Hydralisk x2  
  119  8:58  Overlord x6  
  119  9:00  Zergling x2  
  110  9:24  Zergling x2  
  110  9:25  Zergling x46  
  134  9:36  Overlord x2  
  134  9:37  Overlord  
  134  9:49  Drone x2  
  134  9:50  Evolution Chamber, Drone x2  
  137  9:54  Drone  
  137  9:55  Drone x5  
Show
View Real Time Build Order
Export as new Build Order

Skunk Zerg 

Build Orders: Hatch First 

Get SALT Encoding   

  12  0:01  Drone  
  13  0:17  Overlord  
  13  0:18  Drone  
  14  0:36  Drone x2  
  16  1:02  Hatchery  
  15  1:07  Extractor  
  14  1:12  Spawning Pool  
  14  1:15  Drone  
  14  1:17  Drone  
  15  1:21  Drone  
  16  1:35  Drone  
  16  1:38  Drone  
  18  1:48  Drone  
  19  2:00  Queen  
  21  2:04  Zergling x2  
  22  2:10  Metabolic Boost  
  22  2:14  Queen  
  24  2:16  Zergling x2  
  24  2:17  Zergling x2  
  26  2:29  Baneling Nest  
  25  2:31  Drone  
  25  2:32  Drone  
  25  2:33  Zergling x2  
  28  2:41  Overlord  
  28  3:04  Zergling x2, Drone x2  
  31  3:06  Overlord  
  31  3:10  Drone x2  
  33  3:20  Drone  
  33  3:21  Drone  
  35  3:39  Baneling x4  
  35  3:40  Baneling  
  35  3:51  Queen  
  35  3:52  Queen  
  39  3:56  Extractor  
  39  3:59  Evolution Chamber  
  39  4:01  Evolution Chamber  
  36  4:23  Extractor  
  35  4:24  Extractor  
  35  4:28  Lair  
  34  4:32  Drone x10  
  44  4:53  Zerg Missile Weapons Level 1  
  44  5:06  Roach Warren  
  43  5:09  Drone  
  43  5:10  Overlord x3  
  43  5:11  Overlord x3  
  44  5:29  Hydralisk Den  
  43  5:40  Zerg Ground Armor Level 1  
  43  5:55  Glial Reconstitution  
  43  5:59  Grooved Spines  
  43  6:02  Drone  
  43  6:03  Drone x10  
  54  6:12  Pneumatized Carapace  
  54  6:14  Overlord  
  54  6:37  Hydralisk  
  54  6:38  Hydralisk x3  
  62  6:56  Drone  
  65  7:01  Hydralisk, Roach  
  65  7:02  Hydralisk  
  65  7:03  Roach x2  
  73  7:10  Muscular Augments  
  73  7:11  Zerg Missile Weapons Level 2  
  73  7:22  Infestation Pit  
  72  7:33  Hydralisk  
  72  7:34  Hydralisk x2  
  72  7:36  Hydralisk  
  80  7:54  Overlord x5  
  80  7:55  Overlord  
  80  8:05  Hatchery, Queen  
  79  8:11  Overseer  
  81  8:14  Hydralisk x3  
  87  8:20  Hive  
  87  8:29  Zerg Ground Armor Level 2  
  87  8:58  Hydralisk x6  
  84  9:18  Hatchery  
  67  9:40  Hydralisk x3  
  67  9:41  Hydralisk x6  
  85  10:04  Queen  
Tags
 
Composition
Roach Hydra
Matchup
ZvZ
Race
Zerg
Replay Pack
MrFercho
Spawn Locations
Cross Positions
Add a new tag
Caveats
  • Supply blocks, unpowered buildings, or Contaminate may cause inaccurate times.
  • Supply counts are checked every 10 seconds.